 Dungeon Crawl Stone Soup version 0.27-a0-1105-g946c659c87 (webtiles) character file.

Game seed: 3301972348397003178

14 flotson the Covert (level 2, 0/29 HPs)
             Began as a Gnoll Delver on Apr 29, 2021.
             Succumbed to a water moccasin's poison
             ... on level 5 of the Dungeon.
             The game lasted 00:01:27 (913 turns).

flotson the Covert (Gnoll Delver)                    Turns: 913, Time: 00:01:27

Health: 0/29       AC:  6    Str: 11    XL:     2   Next: 41%
Magic:  2/2        EV: 10    Int:  9    God:
Gold:   24         SH:  0    Dex: 13    Spells: 1/1 levels left

rFire    . . .     SeeInvis .   a - +0 spear (elec)
rCold    . . .     Faith    .   (no shield)
rNeg     . . .     Spirit   .   i - +0 scale mail
rPois    .         Reflect  .   (no helmet)
rElec    .         Harm     .   (no cloak)
rCorr    .         Rampage  .   (no gloves)
Will     .....                  (no boots)
Stlth    +++.......             (no amulet)
HPRegen  0.09/turn              (no ring)
MPRegen  0.08/turn              (no ring)

@: brilliant, lethally poisoned (0 -> -20), hasted, very quick
A: fangs 1, strong nose, distributed training
a: no special abilities


You were on level 5 of the Dungeon.
You visited 1 branch of the dungeon, and saw 3 of its levels.

You collected 24 gold pieces.

Inventory:

Hand Weapons
 a - a +0 spear of electrocution (weapon)
Armour
 i - a +0 scale mail (worn)
Wands
 g - a wand of digging (3)
Scrolls
 c - a scroll of fog
 d - a scroll of magic mapping
Potions
 h - a potion of brilliance
 j - a potion of mutation {unknown}


   Skills:
 + Level 6.5 Fighting
 + Level 0.4 Short Blades
 + Level 0.4 Long Blades
 + Level 0.4 Axes
 + Level 0.4 Maces & Flails
 + Level 4.5 Polearms
 + Level 0.4 Staves
 + Level 0.4 Slings
 + Level 0.4 Bows
 + Level 0.4 Crossbows
 + Level 0.4 Throwing
 + Level 0.4 Armour
 + Level 4.5 Dodging
 + Level 9.5 Stealth
 + Level 0.4 Shields
 + Level 0.4 Unarmed Combat
 + Level 0.4 Spellcasting
 + Level 0.2 Conjurations
 + Level 0.2 Hexes
 + Level 0.2 Summonings
 + Level 0.2 Necromancy
 + Level 0.2 Translocations
 + Level 0.2 Transmutations
 + Level 0.2 Fire Magic
 + Level 0.2 Ice Magic
 + Level 0.2 Air Magic
 + Level 0.2 Earth Magic
 + Level 0.2 Poison Magic
 + Level 0.5 Invocations
 + Level 0.4 Evocations


You had one spell level left.
You didn't know any spells.
Your spell library was empty.

Dungeon Overview and Level Annotations

Branches:
Dungeon (5/15)
 Temple: D:4-7

Altars:


Innate Abilities, Weirdness & Mutations

You have very sharp teeth.
Your uncanny sense of smell can sniff out nearby items.
Your experience applies equally to all skills.


Message History

The centaur zombie barely misses you.
The centaur zombie kicks you but does no damage.
Found a glowing wooden ring.
The hound skeleton barely misses you.
The centaur zombie hits you but does no damage.
The centaur zombie misses you.
The hound skeleton bites you but does no damage.
An adder comes into view.
Found a scroll labelled YGUNEB SAOXT.
The centaur zombie barely misses you. The centaur zombie closely misses you.
The centaur zombie hits you but does no damage.
The centaur zombie barely misses you.
The centaur zombie hits you but does no damage.
The centaur zombie kicks you but does no damage.
The centaur zombie hits you. The centaur zombie kicks you.
The centaur zombie barely misses you. The centaur zombie misses you.
The water moccasin bites you.
You are poisoned.
The water moccasin poisons you!
The water moccasin bites you but does no damage.
You feel very sick.
You feel very sick.
You feel sick.
You feel sick. The water moccasin barely misses you.
Okay, then.
Unknown command.
You feel yourself speed up.
You feel sick. The water moccasin bites you.
* * * LOW HITPOINT WARNING * * *
You are lethally poisoned!
The water moccasin poisons you!
It was a potion of brilliance.
You feel clever all of a sudden.
* * * LOW HITPOINT WARNING * * *
You feel very sick.
The water moccasin bites you but does no damage.
As you read the scroll labelled OTACLE SUCAE, it crumbles to dust.
It is a scroll of brand weapon.
Your +0 spear crackles with electricity.
a - a +0 spear of electrocution (weapon)
You die...

#######....#.....#∆
#....+.....# .
#...##.....# ∆ ..
#...##.....# ...
#.#.##.....#.. ....
#.#............
.....####Z##.######....#
........SZ##.# .....
.......@##....# #...
........##....# ...
.......###...... ##.....
......# #...#..##......
...### #......#l......
.. ###....#...... #
#........... .........$#
..........##


You could see a water moccasin, a centaur zombie and a hound skeleton.

Vanquished Creatures
  3 orcs (D:3)
  2 endoplasms (D:3)
  2 goblins (D:3)
  A kobold (D:3)
  A ball python (D:3)
  A bat (D:3)
10 creatures vanquished.

Notes
Turn   | Place    | Note
-------+----------+-------------------------------------------
     0 | D:5      | Reached skill level 9 in Stealth
     0 | D:5      | flotson the Gnoll Delver began the quest for the Orb.
     0 | D:5      | Reached XP level 1. HP: 23/23 MP: 1/1
     7 | D:5      | Noticed an iguana
   109 | D:3      | HP: 1/23 [orc/+0 short sword (6)]
   441 | D:3      | Reached XP level 2. HP: 23/29 MP: 2/2
   866 | D:3      | You fall into a shaft and drop 2 floors!
   875 | D:5      | Noticed a water moccasin
   913 | D:5      | Succumbed to a water moccasin's poison

Illustrated notes

Levels and vault maps discovered:
D:3:      layout_loops_ring, amcnicky_altar_gilded
D:4:      layout_rooms, okawaru_trees_2, dk_noncrumbling_2, uniq_eustachio,
          uniq_menkaure, uniq_ijyb
D:5:      layout_basic, roderic_lattice_a

Skill      XL: | |
---------------+-+-----
Stealth        | |  9.5
Fighting       | |  6.5
Short Blades   | |  0.4
Long Blades    | |  0.4
Axes           | |  0.4
Maces & Flails | |  0.4
Polearms       | |  4.5
Staves         | |  0.4
Slings         | |  0.4
Bows           | |  0.4
Crossbows      | |  0.4
Throwing       | |  0.4
Armour         | |  0.4
Dodging        | |  4.5
Shields        | |  0.4
Unarmed Combat | |  0.4
Spellcasting   | |  0.4
Conjurations   | |  0.2
Hexes          | |  0.2
Summonings     | |  0.2
Necromancy     | |  0.2
Translocations | |  0.2
Transmutations | |  0.2
Fire Magic     | |  0.2
Ice Magic      | |  0.2
Air Magic      | |  0.2
Earth Magic    | |  0.2
Poison Magic   | |  0.2
Invocations    | |  0.5
Evocations     | |  0.4

Action                   || total
-------------------------++-------
Melee: Spear             ||    48
       Bite              ||     3
  Use: Scroll            ||     2
       Potion            ||     2
 Stab: Sleeping          ||     5
Armor: Leather armour    ||     3
       Scale mail        ||    15
Dodge: Dodged            ||    26

Table legend: (Time is in decaauts)
 A = Elapsed time spent in this place.
 B = Non-inter-level travel time spent in this place.
 C = Inter-level travel time spent in this place.
 D = Time resting spent in this place.
 E = Time spent auto-exploring this place.
 F = Levels seen in this place.
 G = Mean time per level.
                   A        B        C        D        E       F      G
               +--------+--------+--------+--------+--------+-----+--------+
         Total |    906 |    906 |      0 |    303 |    434 |   3 |  302.0 |
       Dungeon |    906 |    906 |      0 |    303 |    434 |   3 |  302.0 |
               +--------+--------+--------+--------+--------+-----+--------+

Top non-repeatable levels by time:
     D:3: 753 daAuts
     D:4: 88 daAuts
     D:5: 65 daAuts
